 Dungeon Crawl Stone Soup version 0.32-a0-361-g289a535 (webtiles) character file.

Game seed: 13591467568991681245

308 Nithhogg the Trooper (level 6, -3/55 HPs)
             Began as a Mountain Dwarf Fighter on Feb 18, 2024.
             Engulfed by a steam dragon's steam (15 damage)
             ... on level 4 of the Dungeon.
             The game lasted 00:05:37 (2974 turns).

Nithhogg the Trooper (Mountain Dwarf Fighter)       Turns: 2974, Time: 00:05:37

Health: -3/55      AC:  7    Str: 20    XL:     6   Next: 17%
Magic:  8/8        EV:  9    Int:  9    God:
Gold:   170        SH:  0    Dex:  9    Spells: 5/5 levels left

rFire   . . .        a - +0 war axe
rCold   . . .        (no shield)
rNeg    . . .        b - +0 scale mail
rPois   .            (no helmet)
rElec   .            (no cloak)
rCorr   .            (no gloves)
SInv    .            (no boots)
Will    .....        (no amulet) Stlth
                     (no ring)
HPRegen 0.29/turn    (no ring)
MPRegen 0.11/turn

%: no passive effects
@: no status effects
A: runic magic, artefact enchanting
a: no special abilities


You were on level 4 of the Dungeon.
You visited 1 branch of the dungeon, and saw 4 of its levels.

You collected 170 gold pieces.

Inventory:

Hand Weapons
 a - a +0 war axe (weapon)
Missiles
 t - a throwing net (quivered)
Armour
 b - a +0 scale mail (worn)
 c - a +0 buckler
Jewellery
 f - an amulet of guardian spirit
 k - a ring of resist corrosion
Wands
 w - a wand of flame (25)
Scrolls
 e - a scroll of enchant armour {unknown}
 g - 2 scrolls of identify {unknown}
 j - a scroll of silence {unknown}
 l - a scroll of torment {unknown}
 o - a scroll of summoning {unknown}
 s - a scroll of immolation {unknown}
 u - a scroll of poison {unknown}
 x - 2 scrolls of fog {unknown}
Potions
 h - 2 potions of curing
 i - a potion of lignification {unknown}
 m - 2 potions of experience {unknown}
 n - 2 potions of haste {unknown}
 p - a potion of invisibility {unknown}
 q - a potion of cancellation {unknown}
 r - a potion of attraction {unknown}
 v - a potion of mutation {unknown}


   Skills:
 + Level 4.8 Fighting
 + Level 4.4 Axes
 + Level 4.7 Armour
 - Level 3.2 Shields
 + Level 3.8 Invocations


You had 5 spell levels left.
You didn't know any spells.
Your spell library contained the following spells:

 Spells                   Type           Power      Damage    Failure   Level
 Sting                    Conj/Alch      0%         1d3       45%         1
 Mercury Vapours          Alch/Air       0%         N/A       61%         2
 Olgreb's Toxic Radiance  Alch           0%         N/A       99%         4


Dungeon Overview and Level Annotations

Branches:
Dungeon (4/15)
 Temple: D:4-7

Altars:

Shops:
D:4 [


Innate Abilities, Weirdness & Mutations

Your spellcasting is much less encumbered by armour.
You can use scrolls of enchantment on lesser artefacts.


Message History

The steam dragon bites you! The steam dragon barely misses you.
You slash the steam dragon!
The steam dragon is moderately wounded.
The steam dragon completely misses you.
The steam dragon claws you but does no damage.
The steam dragon breathes steam at you. The ball of steam hits you!!
You closely miss the steam dragon.
The steam dragon is moderately wounded.
You are engulfed in a cloud of scalding steam.
* * * LOW HITPOINT WARNING * * *
The steam dragon bites you!
* * * LOW HITPOINT WARNING * * *
The steam dragon claws you but does no damage.
It was a potion of curing.
You feel better.
The steam dragon bites you but does no damage.
The steam dragon barely misses you.
You slash the steam dragon!
The steam dragon is heavily wounded.
The steam dragon bites you!
* * * LOW HITPOINT WARNING * * *
The steam dragon closely misses you.
You feel better. The steam dragon completely misses you.
The steam dragon closely misses you.
You slash the steam dragon!
The steam dragon is almost dead.
The steam dragon breathes steam at you. The ball of steam hits you!
* * * LOW HITPOINT WARNING * * *
An endoplasm comes into view.
You feel better.
You are engulfed in a cloud of scalding steam.
The endoplasm quivers.
The steam dragon closely misses you.
The steam dragon claws you but does no damage.
A hobgoblin comes into view.
You hit the steam dragon but do no damage.
The steam dragon is almost dead.
You are engulfed in a cloud of scalding steam.
You die...

###.# #.......##.....
#####.###...........###
##...##.##........ß###
#.....#.##.........#
#...............ß.ß#
..............ß..###
............#..###
.....##.§.######
######§@D..# #######
#..##†.###.....##
#..###†.##...P..# #..##
#§.....∩P..## #...
##§.........# #..#
#..§J.......## ?g#
#............# ...
#...D.....ß.ß# ....
##...........#


You could see a steam dragon (catching breath), an endoplasm and a hobgoblin.

Vanquished Creatures
  A black bear (D:4)
  A scorpion (D:4)
  An iguana (D:3)
  An adder (D:3)
  2 ribbon worms
  3 dart slugs
  6 ball pythons
  4 endoplasms
  2 giant cockroaches (D:1)
  4 goblins
  12 hobgoblins
  3 jackals (D:1)
  3 kobolds
  5 quokkas
  5 bats
  5 frilled lizards
  8 rats
66 creatures vanquished.

Vanquished Creatures (others)
  A goblin (D:4)
1 creature vanquished.

Grand Total: 67 creatures vanquished

Notes
Turn   | Place    | Note
-------+----------+-------------------------------------------
     0 | D:1      | Nithhogg the Mountain Dwarf Fighter began the quest for the
                  | Orb.
     0 | D:1      | Reached XP level 1. HP: 19/19 MP: 1/1
   113 | D:1      | Reached skill level 1 in Invocations
   113 | D:1      | Reached XP level 2. HP: 18/23 MP: 2/2
   265 | D:1      | Reached XP level 3. HP: 33/33 MP: 4/4
   776 | D:2      | Reached XP level 4. HP: 40/40 MP: 5/5
  2343 | D:3      | Reached XP level 5. HP: 38/47 MP: 7/7
  2621 | D:4      | Noticed a black bear
  2632 | D:4      | Killed a black bear
  2633 | D:4      | Reached XP level 6. HP: 22/55 MP: 8/8
  2939 | D:4      | Found Ryusaom's Antique Armour Emporium.
  2949 | D:4      | Noticed a steam dragon
  2970 | D:4      | HP: 2/55 [steam dragon (8)]
  2974 | D:4      | Engulfed by a steam dragon's steam

Illustrated notes

Levels and vault maps discovered:
D:1:      scummos_arrival_simple_fountains, layout_basic
D:2:      minmay_wonky_spiral, layout_loops_corners
D:3:      layout_basic, columned_hall_lemuel, hangedman_decor_diamond_cutter,
          amethyst_killhole
D:4:      layout_cave_pods, serial_column_ruins, column_ruins_pillar_2,
          column_ruins_pillar_1, column_ruins_pillar_4, column_ruins_pillar_4,
          column_ruins_pillar_1, column_ruins_pillar_6, column_ruins_pillar_1,
          column_ruins_pillar_9, column_ruins_pillar_4, column_ruins_pillar_3,
          column_ruins_pillar_2, column_ruins_pillar_4, column_ruins_pillar_4,
          column_ruins_pillar_9, column_ruins_pillar_1, column_ruins_pillar_2,
          column_ruins_pillar_1, column_ruins_pillar_3, column_ruins_pillar_7,
          column_ruins_pillar_8, serial_shops, nicolae_shop_overgrown_old_shop

Skill      XL: |  1  2  3  4  5 |
---------------+----------------+-----
Invocations    | 1 2 3 |  3.8
Axes           | 3 4 |  4.4
Fighting       | 4 |  4.8
Armour         | 4 |  4.7
Shields        | |  3.2

Action                     |  1- 3 |  4- 6 || total
---------------------------+-------+-------++-------
  Melee: War axe           |    99 |   108 ||   207
    Use: Potion            |       |     4 ||     4
 Armour: Scale mail        |    79 |    95 ||   174
  Dodge: Dodged            |    52 |    63 ||   115

Table legend: (Time is in decaauts)
 A = Elapsed time spent in this place.
 B = Non-inter-level travel time spent in this place.
 C = Inter-level travel time spent in this place.
 D = Time resting spent in this place.
 E = Time spent auto-exploring this place.
 F = Levels seen in this place.
 G = Mean time per level.
                   A        B        C        D        E       F      G
               +--------+--------+--------+--------+--------+-----+--------+
         Total |   3041 |   2959 |     82 |      5 |   2422 |   4 |  760.2 |
       Dungeon |   3041 |   2959 |     82 |      5 |   2422 |   4 |  760.2 |
               +--------+--------+--------+--------+--------+-----+--------+

Top non-repeatable levels by time:
     D:2: 1082 daAuts
     D:3: 845 daAuts
     D:1: 643 daAuts
     D:4: 469 daAuts
